 Dungeon Crawl Stone Soup version 0.30.1-9-gdf580d7c3d (webtiles) character file.

Game seed: 6557064782197802648

1186 KittyFluff the Covered (level 8, -8/75 HPs)
             Began as a Gargoyle Berserker on Oct 8, 2023.
             Was an Elder of Trog.
             Mangled by an orc warrior
             ... wielding a +0 long sword
              (10 damage)
             ... on level 6 of the Dungeon.
             The game lasted 00:19:22 (4241 turns).

KittyFluff the Covered (Gargoyle Berserker)         Turns: 4241, Time: 00:19:23

Health: -8/75      AC: 10    Str: 24    XL:     8   Next: 42%
Magic:  8/8        EV: 17    Int:  7    God:    Trog [****..]
Gold:   379        SH:  2    Dex:  9    Spells: 7/7 levels left

rFire   . . .        H - +1 flail (heavy)
rCold   . . .        p - +0 buckler
rNeg    + . .        n - +0 leather armour
rPois   ∞            (no helmet)
rElec   +            o - +0 cloak
rCorr   .            (no gloves)
SInv    .            (no boots)
Will    +....        (no amulet) Stlth
                     b - ring of willpower
HPRegen 0.32/turn    A - +5 ring of evasion
MPRegen 0.11/turn

%: no passive effects
@: berserking, marked, flying, very quick
A: sickness immunity, AC +5, negative energy resistance 1, electricity
resistance, torment resistance 1, petrification resistance
a: Renounce Religion, Berserk, Trog's Hand, Brothers in Arms


You were on level 6 of the Dungeon.
You worshipped Trog.
Trog was greatly pleased with you.
You visited 1 branch of the dungeon, and saw 6 of its levels.

You collected 379 gold pieces.

Inventory:

Hand Weapons
 x - a +0 sling
 G - a +3 mace of holy wrath
 H - a +1 heavy flail (weapon)
Missiles
 h - 5 curare-tipped darts
 z - 2 poisoned darts
 B - 5 boomerangs (quivered)
Armour
 n - a +0 leather armour (worn)
 o - a +0 cloak (worn)
 p - a +0 buckler (worn)
 q - a +2 ring mail of fire resistance
Jewellery
 b - a ring of willpower (left hand)
 y - a ring of ice
 A - a +5 ring of evasion (right hand)
 D - a ring of ice
Wands
 w - a wand of mindburst (19)
 I - a wand of quicksilver (2)
Scrolls
 c - 3 scrolls of identify {unknown}
 e - 2 scrolls of fear {unknown}
 g - 5 scrolls of enchant armour {unknown}
 i - 2 scrolls of poison {unknown}
 l - a scroll of fog {unknown}
 s - 2 scrolls of noise {unknown}
 t - 3 scrolls of teleportation {unknown}
 u - a scroll of amnesia {unknown}
 F - a scroll of vulnerability {unknown}
Potions
 a - a potion of might {unknown}
 d - 5 potions of curing
 j - 2 potions of degeneration {unknown}
 k - a potion of magic {unknown}
 r - a potion of brilliance {unknown}
 v - 2 potions of cancellation {unknown}
 C - a potion of attraction {unknown}
 E - a potion of resistance {unknown}


   Skills:
 + Level 5.4 Fighting
 * Level 6.3 Maces & Flails
 * Level 6.6 Armour
 + Level 3.5 Dodging


You had 7 spell levels left.
You didn't know any spells.
Your spell library was empty.

Dungeon Overview and Level Annotations

Branches:
Dungeon (6/15)
 Temple: D:4-7

Altars:
Qazlal
Yredelemnul

Shops:
D:3 *   D:6 [


Innate Abilities, Weirdness & Mutations

You are immune to sickness and miasma.
Your stone body is resilient. (AC +5)
You are immune to poison.
You resist negative energy. (rN+)
You are resistant to electric shocks. (rElec)
You are resistant to unholy torment.
You are immune to petrification.


Message History

The ufetubus barely misses you.
You bludgeon the steam dragon!!
The steam dragon is heavily wounded.
You are engulfed in a cloud of scalding steam.
The ufetubus hits you but does no damage.
The ufetubus closely misses you.
A gnoll comes into view.
It is wielding a +2 halberd of distortion.
The steam dragon barely misses you.
The steam dragon claws you but does no damage.
The orc warrior closely misses you. You block the ufetubus's attack.
The ufetubus hits you.
You feel better.
You are engulfed in a cloud of scalding steam.
The steam dragon bites you. The steam dragon misses you.
The orc warrior is engulfed in a cloud of scalding steam.
The orc warrior hits you with a +0 long sword.
* * * LOW HITPOINT WARNING * * *
The ufetubus is engulfed in a cloud of scalding steam.
The ufetubus hits you but does no damage.
The ufetubus closely misses you.
It was a potion of flight.
You feel very buoyant.
You fly up into the air.
The ufetubus is engulfed in a cloud of scalding steam.
The ufetubus dies!
The centaur is engulfed in a cloud of scalding steam.
The steam dragon breathes steam at you. The ball of steam hits you!
* * * LOW HITPOINT WARNING * * *
The orc warrior closely misses you.
It was a potion of berserk rage.
A red film seems to cover your vision as you go berserk!
You feel yourself moving faster!
You feel mighty!
You are engulfed in a cloud of scalding steam.
The centaur unwields a +0 shortbow.
The centaur hits you but does no damage.
The centaur kicks you but does no damage.
The steam dragon closely misses you. The steam dragon barely misses you.
The orc warrior hits you with a +0 long sword!
You die...

###..........#...........
##......##..##..#.......
........##.....# #....#
........##.....# .....#
...............###..g.#
....##.#........##..!.#
##..###...≈......{f#
###.##...≈.≈...cDo##
#....#..≈...≈...@##
)....#.≈..∩..≈.###
..#..#..≈...≈..###
.##......≈.≈......
####.##...≈........
##.................
#..###.............
##..###...###.....#
##.........##...#


You could see a steam dragon (catching breath), an orc warrior, a sleepcap, a
centaur and a gnoll.

Vanquished Creatures
  Grinder (D:4)
  Edmund (D:5)
  An ogre (D:5)
  3 phantoms
  Blork the orc (D:6)
  A scorpion (D:5)
  2 jellies
  2 hounds
  An orc priest (D:6)
  2 iguanas (D:5)
  Natasha (thrice) (D:3)
  4 adders
  A white imp (D:6)
  An ufetubus (D:5)
  A dart slug (D:5)
  21 orcs
  7 endoplasms
  5 giant cockroaches
  13 goblins
  8 hobgoblins
  7 jackals
  9 kobolds
  2 quokkas (D:4)
  8 ball pythons
  5 bats
  4 frilled lizards
  6 rats
120 creatures vanquished.

Vanquished Creatures (others)
  An ufetubus (D:6)
1 creature vanquished.

Grand Total: 121 creatures vanquished

Notes
Turn   | Place    | Note
-------+----------+-------------------------------------------
     0 | D:1      | KittyFluff the Gargoyle Berserker began the quest for the
                  | Orb.
     0 | D:1      | Reached XP level 1. HP: 14/14 MP: 1/1
    90 | D:1      | Reached XP level 2. HP: 19/19 MP: 2/2
   281 | D:1      | Reached XP level 3. HP: 11/23 MP: 3/3
   409 | D:1      | Reached ** piety under Trog
   600 | D:2      | Found a faded altar of an unknown god.
   726 | D:2      | Reached XP level 4. HP: 21/29 MP: 4/4
   923 | D:2      | Found a basalt altar of Yredelemnul.
  1170 | D:3      | Noticed Natasha
  1184 | D:3      | Killed Natasha
  1334 | D:3      | Reached XP level 5. HP: 8/33 MP: 5/5
  1433 | D:3      | Found Isoyng's Assorted Antiques.
  1547 | D:3      | Reached *** piety under Trog
  1725 | D:3      | Noticed Natasha
  1756 | D:3      | Killed Natasha
  1894 | D:3      | Noticed Natasha
  1908 | D:3      | Killed Natasha
  2313 | D:4      | Reached XP level 6. HP: 11/38 MP: 6/6
  2787 | D:4      | Noticed Grinder
  2832 | D:4      | Killed Grinder
  2833 | D:4      | Reached skill level 5 in Maces & Flails
  2833 | D:4      | Reached skill level 5 in Armour
  2833 | D:4      | Reached XP level 7. HP: 44/44 MP: 7/7
  3017 | D:5      | Entered Level 5 of the Dungeon
  3604 | D:5      | Found a stormy altar of Qazlal.
  3605 | D:5      | Noticed Blork the orc
  3635 | D:5      | Reached **** piety under Trog
  3683 | D:5      | Noticed Edmund
  3697 | D:5      | Killed Edmund
  3698 | D:5      | Reached skill level 5 in Fighting
  3698 | D:5      | Reached XP level 8. HP: 16/49 MP: 8/8
  4071 | D:6      | Killed Blork the orc
  4193 | D:6      | Found Ypnupla's Antique Armour Shop.
  4240 | D:6      | HP: 1/50 [steam dragon/ball of steam (12)]
  4241 | D:6      | Mangled by an orc warrior

Illustrated notes

Levels and vault maps discovered:
D:1:      nzn_arrival_water_spiral, layout_rooms
D:2:      layout_rooms, basic_altar, shapermc_ecumenical_altar_starsandcircs,
          grunt_ministairs_13, minmay_cut_off
D:3:      layout_rooms, serial_shops, nicolae_shop_crystal, uniq_natasha
D:4:      layout_basic, serial_bayou, serial_bayou_pond_a, serial_bayou_pond_e,
          serial_bayou_lagoon_b, serial_bayou_shore_a, serial_bayou_crossing,
          serial_bayou_pond_a, uniq_grinder
D:5:      layout_basic, grunt_qazlal_sundering, uniq_edmund, uniq_blork_the_orc
D:6:      layout_cave_pools, minitemple, temple_statues, serial_shops,
          nicolae_diamond_shop, due_unseen_surprise

Skill      XL: |  1  2  3  4  5  6  7  8 |
---------------+-------------------------+-----
Armour         | 3 4 5 6 |  6.6
Dodging        | 2 3 |  3.5
Maces & Flails | 4 5 6 |  6.3
Fighting       | 4 5 |  5.4

Action                     |  1- 3 |  4- 6 |  7- 9 || total
---------------------------+-------+-------+-------++-------
  Melee: Mace              |   122 |   235 |   137 ||   494
         Flail             |       |       |    17 ||    17
 Invoke: Berserk           |       |     5 |     1 ||     6
    Use: Potion            |       |       |     3 ||     3
 Armour: Animal skin       |    36 |     9 |       ||    45
         Leather armour    |       |    55 |    64 ||   119
  Dodge: Dodged            |    88 |   138 |   180 ||   406
  Block: Buckler           |       |    17 |    16 ||    33
